General information
- name: BNet
- type: Ladder team game (AT/RT)
- host: Battle.net
- saver: TALONSAREIMBA
map: Slalom
- players: 8
- length: 34:59
- speed: Fast
- version: 1.24 W3XP
- replay type: Public
» download(233 KB)
Players
team 1 (loser)

»
dez_nuts (
purple | 40 APM | 1351 actions | 34:02)
9 Death Knight
3 Death Coil
3 Unholy Aura
2 Death Pact
1 Animate Dead
» actions
| Assign group hotkey | 19 | |
| Basic commands | 148 | |
| Build / train | 72 | |
| Enter build submenu | 44 | |
| Enter hero's abilities submenu | 9 | |
| Give item / drop item | 1 | |
| Right click | 284 | |
| Select / deselect | 257 | |
| Select group hotkey | 436 | |
| Use ability | 81 | |
1351 total
» units
| Acolyte | 19 | |
| Ghoul | 15 | |
| Frost Wyrm | 9 | |
| Obsidian Statue | 1 | |
| Crypt Fiend | 2 | |
46 total
» upgrades
| Creature Attack | 3 | |
| Creature Carapace | 3 | |
| Freezing Breath | 1 | |
| Destroyer Form | 1 | |
| Web | 1 | |
9 total
» buildings
| Ziggurat | 20 | |
| Crypt | 1 | |
| Altar of Darkness | 1 | |
| Graveyard | 1 | |
| Tomb of Relics | 1 | |
| Halls of the Dead | 1 | |
| Black Citadel | 1 | |
| Sacrificial Pit | 1 | |
| Necropolis | 1 | |
| Spirit Tower | 5 | |
| Boneyard | 5 | |
| Slaughterhouse | 2 | |
40 total
» build order
00:15 Ziggurat
00:21 Crypt
00:37 Altar of Darkness
01:04 Graveyard
01:16 Ziggurat
02:27 Ziggurat
03:31 Tomb of Relics
05:01 Halls of the Dead
07:02 Ziggurat
07:03 Ziggurat
07:34 Black Citadel
07:45 Ziggurat
07:46 Ziggurat
07:51 Ziggurat
08:11 Ziggurat
08:12 Ziggurat
08:14 Ziggurat
08:50 Sacrificial Pit
09:00 Necropolis
09:04 Ziggurat
09:59 Spirit Tower
10:13 Boneyard
10:15 Boneyard
10:18 Boneyard
10:44 Boneyard
10:53 Boneyard
14:32 Ziggurat
14:35 Ziggurat
15:02 Ziggurat
15:30 Ziggurat
15:34 Ziggurat
17:14 Ziggurat
17:15 Ziggurat
17:16 Ziggurat
17:46 Spirit Tower
17:50 Spirit Tower
18:17 Spirit Tower
19:13 Spirit Tower
22:07 Slaughterhouse
22:15 Slaughterhouse
Sark_Zerg (
orange | 40 APM | 1399 actions | 34:58)
7 Death Knight
3 Unholy Aura
3 Death Coil
1 Death Pact
2 Keeper of the Grove
1 Entangling Roots
1 Thorns Aura
» actions
| Assign group hotkey | 11 | |
| Build / train | 52 | |
| Enter build submenu | 31 | |
| Enter hero's abilities submenu | 9 | |
| Give item / drop item | 1 | |
| Right click | 814 | |
| Select / deselect | 358 | |
| Select group hotkey | 54 | |
| Use ability | 69 | |
1399 total
» units
| Acolyte | 7 | |
| Ghoul | 6 | |
| Frost Wyrm | 8 | |
21 total
» upgrades
| Creature Attack | 3 | |
| Creature Carapace | 3 | |
| Freezing Breath | 1 | |
| Ghoul Frenzy | 1 | |
| Destroyer Form | 1 | |
9 total
» buildings
| Graveyard | 1 | |
| Altar of Darkness | 1 | |
| Ziggurat | 14 | |
| Crypt | 2 | |
| Nerubian Tower | 1 | |
| Tomb of Relics | 2 | |
| Halls of the Dead | 1 | |
| Black Citadel | 1 | |
| Sacrificial Pit | 1 | |
| Boneyard | 3 | |
| Spirit Tower | 1 | |
| Slaughterhouse | 2 | |
30 total
» build order
00:32 Graveyard
00:37 Altar of Darkness
00:39 Ziggurat
00:50 Crypt
01:06 Ziggurat
02:15 Nerubian Tower
03:07 Ziggurat
03:25 Tomb of Relics
03:30 Tomb of Relics
03:47 Halls of the Dead
04:25 Ziggurat
05:57 Ziggurat
06:00 Ziggurat
06:12 Black Citadel
06:16 Sacrificial Pit
06:39 Crypt
08:47 Boneyard
08:52 Boneyard
10:43 Boneyard
12:37 Ziggurat
15:52 Ziggurat
15:54 Ziggurat
15:56 Ziggurat
15:58 Ziggurat
16:24 Ziggurat
19:43 Spirit Tower
22:36 Slaughterhouse
22:39 Slaughterhouse
25:20 Ziggurat
25:25 Ziggurat
» items
| Orb of Corruption | 2 | |
| Dust of Appearance | 1 | |
| Scroll of Healing | 2 | |
| Potion of Mana | 2 | |
| Potion of Healing | 1 | |
8 total

»
wojtek.pl (
teal | 33 APM | 1138 actions | 34:28)
6 Death Knight
1 Death Coil
3 Unholy Aura
1 Death Pact
1 Animate Dead
3 Crypt Lord
1 Impale
1 Spiked Carapace
1 Carrion Beetles
1 Keeper of the Grove
1 Thorns Aura
» actions
| Basic commands | 1 | |
| Build / train | 85 | |
| Enter build submenu | 22 | |
| Enter hero's abilities submenu | 10 | |
| Give item / drop item | 2 | |
| Remove unit from queue | 2 | |
| Right click | 511 | |
| Select / deselect | 432 | |
| Use ability | 72 | |
1138 total
» units
| Acolyte | 13 | |
| Ghoul | 4 | |
| Crypt Fiend | 20 | |
| Frost Wyrm | 6 | |
| Dryad | 5 | |
48 total
» upgrades
| Web | 1 | |
| Burrow | 1 | |
| Creature Carapace | 3 | |
| Creature Attack | 3 | |
| Freezing Breath | 1 | |
9 total
» buildings
| Graveyard | 1 | |
| Crypt | 1 | |
| Ziggurat | 11 | |
| Altar of Darkness | 2 | |
| Halls of the Dead | 2 | |
| Tomb of Relics | 1 | |
| Sacrificial Pit | 1 | |
| Black Citadel | 2 | |
| Boneyard | 2 | |
| Spirit Tower | 1 | |
| Necropolis | 1 | |
25 total
» build order
00:17 Graveyard
00:21 Crypt
00:42 Ziggurat
01:10 Altar of Darkness
01:22 Ziggurat
02:57 Halls of the Dead
02:57 Halls of the Dead
03:21 Ziggurat
04:06 Tomb of Relics
04:49 Ziggurat
06:01 Ziggurat
07:36 Sacrificial Pit
07:38 Black Citadel
07:38 Black Citadel
11:46 Boneyard
11:51 Boneyard
12:00 Ziggurat
12:03 Ziggurat
12:05 Ziggurat
12:08 Ziggurat
15:51 Spirit Tower
15:55 Ziggurat
15:58 Ziggurat
26:20 Necropolis
27:02 Altar of Darkness
» items
| Rod of Necromancy | 2 | |
| Potion of Healing | 2 | |
| Scroll of Healing | 1 | |
5 total

»
itouchwieners (
red | 32 APM | 942 actions | 29:01)
6 Keeper of the Grove
3 Force of Nature
2 Entangling Roots
1 Tranquility
» actions
| Basic commands | 13 | |
| Build / train | 67 | |
| Enter build submenu | 23 | |
| Enter hero's abilities submenu | 6 | |
| Give item / drop item | 2 | |
| Remove unit from queue | 1 | |
| Right click | 407 | |
| Select / deselect | 347 | |
| Use ability | 76 | |
942 total
» units
| Wisp | 25 | |
| Archer | 4 | |
| Druid of the Claw | 5 | |
| Mountain Giant | 3 | |
| Dryad | 4 | |
41 total
» upgrades
| Ultravision | 1 | |
| Strength of the Wild | 3 | |
| Reinforced Hides | 3 | |
| Nature's Blessing | 1 | |
| Druid of the Claw Training | 2 | |
| Well Spring | 1 | |
| Hardened Skin | 1 | |
| Resistant Skin | 1 | |
| Mark of the Claw | 1 | |
| Abolish Magic | 1 | |
15 total
» buildings
| Moon Well | 8 | |
| Hunter's Hall | 2 | |
| Altar of Elders | 1 | |
| Ancient of War | 1 | |
| Ancient of Wonders | 1 | |
| Tree of Ages | 1 | |
| Tree of Life | 3 | |
| Ancient Protector | 4 | |
| Ancient of Lore | 3 | |
| Tree of Eternity | 1 | |
25 total
» build order
00:11 Moon Well
00:26 Moon Well
01:06 Moon Well
01:39 Hunter's Hall
01:42 Altar of Elders
01:47 Ancient of War
02:24 Hunter's Hall
02:29 Ancient of Wonders
06:57 Tree of Ages
07:26 Tree of Life
07:32 Ancient Protector
07:35 Ancient Protector
07:37 Ancient Protector
07:43 Ancient Protector
09:07 Moon Well
09:14 Moon Well
09:26 Ancient of Lore
09:28 Ancient of Lore
09:33 Ancient of Lore
10:08 Moon Well
10:20 Tree of Eternity
11:46 Moon Well
11:48 Moon Well
20:23 Tree of Life
27:17 Tree of Life
» items
team 2 (winner)

»
TALONSAREIMBA (
blue | 112 APM | 3935 actions | 34:59)
8 Mountain King
3 Storm Bolt
3 Bash
1 Avatar
1 Thunder Clap
7 Paladin
3 Holy Light
3 Devotion Aura
1 Resurrection
5 Blood Mage
3 Banish
1 Siphon Mana
1 Summon Phoenix
» actions
| Assign group hotkey | 26 | |
| Basic commands | 176 | |
| Build / train | 114 | |
| ESC pressed | 25 | |
| Enter build submenu | 38 | |
| Enter hero's abilities submenu | 22 | |
| Give item / drop item | 1 | |
| Right click | 1689 | |
| Select / deselect | 953 | |
| Select group hotkey | 724 | |
| Use ability | 166 | |
3935 total
» units
| Peasant | 20 | |
| Footman | 3 | |
| Gryphon Rider | 16 | |
| Dragonhawk Rider | 1 | |
| Troll Batrider | 8 | |
48 total
» upgrades
| Masonry | 3 | |
| Animal War Training | 1 | |
| Storm Hammers | 1 | |
| Swords | 3 | |
| Armor | 3 | |
11 total
» buildings
| Altar of Kings | 1 | |
| Farm | 11 | |
| Barracks | 1 | |
| Lumber Mill | 3 | |
| Town Hall | 5 | |
| Scout Tower | 7 | |
| Guard Tower | 7 | |
| Keep | 3 | |
| Castle | 1 | |
| Blacksmith | 1 | |
| Gryphon Aviary | 3 | |
| Arcane Vault | 2 | |
| Beastiary | 2 | |
47 total
» build order
00:05 Altar of Kings
00:09 Farm
00:27 Barracks
00:44 Farm
01:36 Lumber Mill
03:24 Farm
03:44 Town Hall
03:49 Scout Tower
03:51 Scout Tower
03:53 Scout Tower
04:16 Guard Tower
04:18 Guard Tower
04:30 Guard Tower
05:18 Keep
05:19 Keep
05:42 Farm
05:55 Scout Tower
05:57 Scout Tower
06:29 Guard Tower
06:38 Scout Tower
06:41 Farm
06:48 Guard Tower
06:51 Scout Tower
06:59 Lumber Mill
07:19 Farm
07:19 Guard Tower
07:41 Castle
07:43 Guard Tower
09:00 Blacksmith
09:17 Gryphon Aviary
09:20 Gryphon Aviary
09:23 Gryphon Aviary
11:33 Arcane Vault
11:59 Arcane Vault
13:05 Farm
14:01 Town Hall
14:10 Lumber Mill
15:56 Farm
16:12 Farm
17:38 Beastiary
17:40 Beastiary
18:58 Farm
20:44 Town Hall
21:41 Town Hall
26:45 Farm
29:53 Town Hall
» items
| Boots of Speed | 1 | |
| Periapt of Vitality | 1 | |
| Scroll of Regeneration | 4 | |
| Lesser Clarity Potion | 3 | |
| Potion of Mana | 2 | |
| Orb of Fire | 2 | |
| Scroll of Town Portal | 4 | |
| Potion of Healing | 3 | |
20 total

»
Blacksmiths (
yellow | 47 APM | 1643 actions | 34:58)
6 Archmage
3 Summon Water Elemental
2 Brilliance Aura
1 Mass Teleport
1 Blademaster
1 Bladestorm
» actions
| Assign group hotkey | 28 | |
| Basic commands | 809 | |
| Build / train | 59 | |
| ESC pressed | 8 | |
| Enter build submenu | 20 | |
| Enter hero's abilities submenu | 7 | |
| Give item / drop item | 1 | |
| Right click | 36 | |
| Select / deselect | 360 | |
| Select group hotkey | 216 | |
| Use ability | 99 | |
1643 total
» units
| Peasant | 13 | |
| Footman | 1 | |
| Siege Engine | 15 | |
| Flying Machine | 1 | |
30 total
» upgrades
| Lumber Harvesting | 2 | |
| Barrage | 1 | |
| Gunpowder | 3 | |
| Plating | 1 | |
| Masonry | 1 | |
| Flak Cannons | 1 | |
9 total
» buildings
| Altar of Kings | 1 | |
| Farm | 9 | |
| Barracks | 1 | |
| Keep | 1 | |
| Lumber Mill | 1 | |
| Blacksmith | 1 | |
| Castle | 1 | |
| Workshop | 3 | |
| Town Hall | 2 | |
20 total
» build order
00:06 Altar of Kings
00:11 Farm
00:20 Barracks
00:29 Farm
02:33 Keep
03:47 Lumber Mill
03:50 Blacksmith
04:26 Farm
04:36 Farm
04:41 Farm
04:46 Farm
04:50 Farm
05:20 Castle
05:26 Workshop
05:58 Workshop
06:21 Workshop
07:40 Town Hall
14:25 Farm
14:55 Farm
31:53 Town Hall
» items
| Potion of Lesser Invulnerability | 3 | |
| Scroll of Town Portal | 2 | |
| Scroll of Protection | 1 | |
| Potion of Healing | 1 | |
7 total

»
XxTheAvatarxX (
pink | 30 APM | 532 actions | 17:31)
4 Blademaster
2 Wind Walk
2 Critical Strike
» actions
| Basic commands | 1 | |
| Build / train | 44 | |
| Enter build submenu | 16 | |
| Enter hero's abilities submenu | 4 | |
| Give item / drop item | 3 | |
| Right click | 297 | |
| Select / deselect | 132 | |
| Use ability | 35 | |
532 total
» units
| Peon | 10 | |
| Grunt | 3 | |
| Frost Revenant | 1 | |
| Nerubian Webspinner | 1 | |
| Shaman | 6 | |
| Tauren | 3 | |
24 total
» upgrades
| Melee Weapons | 2 | |
| Armor | 2 | |
| Shaman Training | 2 | |
| Pulverize | 1 | |
7 total
» buildings
| Altar of Storms | 1 | |
| Orc Burrow | 6 | |
| War Mill | 1 | |
| Barracks | 1 | |
| Stronghold | 1 | |
| Voodoo Lounge | 1 | |
| Fortress | 1 | |
| Spirit Lodge | 1 | |
| Tauren Totem | 2 | |
15 total
» build order
00:21 Altar of Storms
00:38 Orc Burrow
00:56 Orc Burrow
02:01 War Mill
02:44 Barracks
03:51 Orc Burrow
03:58 Stronghold
06:43 Voodoo Lounge
06:44 Fortress
06:51 Spirit Lodge
09:17 Tauren Totem
09:54 Tauren Totem
15:22 Orc Burrow
15:24 Orc Burrow
15:27 Orc Burrow
» items
| Orb of Lightning | 1 | |
| Potion of Healing | 4 | |
5 total

»
monkey.face (
green | 64 APM | 2230 actions | 34:58)
8 Crypt Lord
3 Spiked Carapace
3 Impale
1 Locust Swarm
1 Carrion Beetles
7 Death Knight
2 Death Coil
3 Unholy Aura
1 Animate Dead
1 Death Pact
1 Blademaster
1 Critical Strike
» actions
| Assign group hotkey | 41 | |
| Basic commands | 334 | |
| Build / train | 109 | |
| Enter build submenu | 23 | |
| Enter hero's abilities submenu | 16 | |
| Give item / drop item | 6 | |
| Right click | 438 | |
| Select / deselect | 460 | |
| Select group hotkey | 679 | |
| Use ability | 124 | |
2230 total
» units
| Acolyte | 13 | |
| Ghoul | 3 | |
| Crypt Fiend | 17 | |
| Obsidian Statue | 4 | |
| Frost Wyrm | 7 | |
| Shaman | 7 | |
| Tauren | 7 | |
58 total
» upgrades
| Creature Attack | 3 | |
| Creature Carapace | 3 | |
| Web | 1 | |
| Freezing Breath | 1 | |
8 total
» buildings
| Graveyard | 1 | |
| Ziggurat | 8 | |
| Crypt | 1 | |
| Altar of Darkness | 1 | |
| Nerubian Tower | 3 | |
| Tomb of Relics | 1 | |
| Halls of the Dead | 1 | |
| Slaughterhouse | 1 | |
| Black Citadel | 1 | |
| Sacrificial Pit | 1 | |
| Spirit Tower | 3 | |
| Boneyard | 1 | |
23 total
» build order
00:22 Graveyard
00:26 Ziggurat
01:32 Crypt
01:34 Altar of Darkness
01:42 Ziggurat
01:55 Nerubian Tower
02:03 Ziggurat
02:35 Tomb of Relics
05:36 Halls of the Dead
06:14 Ziggurat
06:47 Ziggurat
08:55 Slaughterhouse
09:59 Black Citadel
10:24 Ziggurat
11:17 Nerubian Tower
11:23 Sacrificial Pit
13:34 Spirit Tower
14:25 Boneyard
14:42 Ziggurat
14:58 Ziggurat
15:11 Nerubian Tower
15:13 Spirit Tower
15:14 Spirit Tower
» items
| Rod of Necromancy | 5 | |
| Potion of Healing | 5 | |
| Orb of Corruption | 2 | |
| Scroll of Town Portal | 3 | |
| Scroll of Healing | 2 | |
17 total
Chat log
(00:13 / Allies) XxTheAvatarxX: turens
(00:20 / Allies) TALONSAREIMBA: help me creep expo
(00:29 / Allies) XxTheAvatarxX: turen shams
(01:50 / Allies) TALONSAREIMBA: all heroes
(01:54 / Allies) TALONSAREIMBA: if u want to help
(03:00 / Allies) TALONSAREIMBA: come
(06:53 / Allies) XxTheAvatarxX: wood plz
(09:22 / Allies) XxTheAvatarxX: lum plz
(10:41 / Allies) XxTheAvatarxX: lum 4 turens pl
(13:21 / Allies) TALONSAREIMBA: brt
(14:31 / Allies) TALONSAREIMBA: make bats
(14:34 / Allies) TALONSAREIMBA: not tauren pink
(14:36 / Allies) TALONSAREIMBA: they have 2x wyrms
(14:52 / Allies) XxTheAvatarxX: but i already
(14:54 / Allies) XxTheAvatarxX: pumped
(15:01 / Allies) XxTheAvatarxX: get cryps
(15:48 / Allies) TALONSAREIMBA: 3x wyrms
(15:50 / Allies) TALONSAREIMBA: by the way
(15:56 / Allies) XxTheAvatarxX: wow...
(15:57 / Allies) Blacksmiths: massing tank but i need help
(15:59 / Allies) TALONSAREIMBA: bats
(16:01 / Allies) XxTheAvatarxX: k
(16:06 / Allies) XxTheAvatarxX: fuk
(16:17 / Allies) XxTheAvatarxX: i told u i already got turens pump
(16:18 / Allies) XxTheAvatarxX: jeez
(16:40 / Allies) TALONSAREIMBA: fiight
(16:41 / Allies) Blacksmiths: orc can u make a shop by me
(16:44 / Allies) Blacksmiths: i need the speed
(17:19 / Allies) XxTheAvatarxX: yellow back
(17:20 / Allies) XxTheAvatarxX: to me
(17:25 / Allies) Blacksmiths: hae 2 tps
(17:31 / Allies) TALONSAREIMBA: its fucking 2010
(18:36 / Allies) monkey.face: meet
(18:59 / Allies) Blacksmiths: gogogo
(19:26 / Allies) monkey.face: gogogo
(22:42 / Allies) TALONSAREIMBA: meet
(25:36 / Allies) Blacksmiths: iout of gold
(26:08 / Allies) Blacksmiths: back
(26:16 / Allies) Blacksmiths: back
(27:16 / Allies) TALONSAREIMBA: HOLEEE SHIT WE NEED BATS
(27:42 / Allies) Blacksmiths: lets go fight
(27:43 / Allies) Blacksmiths: ready?
(27:55 / Allies) Blacksmiths: gogogo
(31:44 / Allies) Blacksmiths: should we hit or get bigger army and mines
(32:47 / Allies) Blacksmiths: meet
(32:50 / Allies) TALONSAREIMBA: go
(33:17 / Allies) Blacksmiths: kill kotg
(34:26 / All) TALONSAREIMBA: rofl
(34:30 / All) TALONSAREIMBA: frosty wyrm crutch
(34:45 / All) Sark_Zerg: lol
(34:49 / All) TALONSAREIMBA: 3x frost wyrm
(34:50 / All) TALONSAREIMBA: cant win
(34:51 / All) TALONSAREIMBA: ~_~
(34:55 / All) Sark_Zerg: lucky faggots